 Dungeon Crawl Stone Soup version 0.31-a0-157-g0643eb4156 (webtiles) character file.

Game seed: 17372468781438824049

256 qw the Chopper (level 6, -5/39 HPs)
             Began as a Gargoyle Fighter on June 12, 2023.
             Slain by Edmund
             ... wielding a +1 flail of protection
              (9 damage)
             ... on level 4 of the Dungeon.
             The game lasted 00:01:24 (2562 turns).

qw the Chopper (Gargoyle Fighter)                   Turns: 2562, Time: 00:01:24

Health: -5/39      AC: 15    Str: 18 (21) XL:     6   Next: 15%
Magic:  6/6        EV:  7    Int:  9      God:
Gold:   164        SH:  4    Dex:  7 (9)  Spells: 5/5 levels left

rFire   . . .        Y - +0 war axe (elec)
rCold   . . .        c - +0 buckler
rNeg    + + .        j - +0 chain mail
rPois   inf          b - +0 helmet
rElec   +            (no cloak)
rCorr   +            (no gloves)
SInv    .            l - +0 pair of boots
Will    .....        n - amulet of the acrobat Stlth
                     m - ring of positive energy
HPRegen 0.26/turn    r - ring of resist corrosion
MPRegen 0.10/turn

%: acrobat
@: about to teleport
A: sickness immunity, AC +4, negative energy resistance 1, electricity
resistance, torment resistance 1, petrification resistance
a: no special abilities


You were on level 4 of the Dungeon.
You visited 1 branch of the dungeon, and saw 4 of its levels.

You collected 164 gold pieces.


Innate Abilities, Weirdness & Mutations

You are immune to sickness and miasma.
Your stone body is resilient. (AC +4)
You are immune to poison.
You resist negative energy. (rN+)
You are resistant to electric shocks. (rElec)
You are resistant to unholy torment.
You are immune to petrification.


   Skills:
 - Level 4.4 Fighting
 + Level 5.1 Axes
 - Level 3.2 Armour
 - Level 3.2 Shields


You had 5 spell levels left.
You didn't know any spells.
Your spell library was empty.

Inventory:

Hand Weapons
 s - a +0 flail
 Y - a +0 war axe of electrocution (weapon)
Missiles
 h - 6 boomerangs (quivered)
Armour
 b - a +0 helmet (worn)
 c - a +0 buckler (worn)
 j - a +0 chain mail (worn)
 l - a +0 pair of boots (worn)
Jewellery
 m - a ring of positive energy (left hand)
 n - an amulet of the acrobat (around neck)
 r - a ring of resist corrosion (right hand)
Scrolls
 g - 2 scrolls of identify
Potions
 a - 2 potions of lignification {unknown}
 d - a potion of might
 e - a potion of invisibility {unknown}
 f - a potion of brilliance {unknown}
 i - a potion of attraction {unknown}
 k - a potion of heal wounds {unknown}
 p - a potion of curing {unknown}

Dungeon Overview and Level Annotations

Branches:
Dungeon (4/15)
 Temple: D:4-7

Altars:

Annotations:
D:3 1 runed translucent door, Crazy Yiuf
D:4 Edmund


Message History

Edmund hits you with a +1 flail of protection!
You hit Edmund but do no damage. Edmund hits you but does no damage. x2
You hit Edmund but do no damage.
Edmund says, "You wouldn't believe how much I paid for this flail."
Edmund hits you but does no damage.
You hit Edmund but do no damage. Lightning courses through Edmund!
Edmund is moderately wounded.
Edmund hits you but does no damage.
You closely miss Edmund.
Edmund is moderately wounded.
Edmund closely misses you.
You closely miss Edmund.
Edmund is moderately wounded.
You block Edmund's attack.
Edmund hits you with a +1 flail of protection.
You hit Edmund.
Edmund is moderately wounded.
Edmund hits you with a +1 flail of protection.
You slash Edmund!
Edmund is moderately wounded.
Edmund barely misses you.
You hit Edmund but do no damage.
Edmund is moderately wounded.
Edmund hits you with a +1 flail of protection.
You hit Edmund but do no damage.
Edmund is moderately wounded.
Edmund hits you with a +1 flail of protection. x2
You barely miss Edmund.
Edmund is moderately wounded.
Edmund hits you but does no damage.
You hit Edmund but do no damage.
Edmund is moderately wounded.
Edmund hits you with a +1 flail of protection!
2562 ||| READING scroll of teleportation.
As you read the scroll of teleportation, it crumbles to dust.
You feel strangely unstable.
Edmund says, "People will remember me!
They'll remember me and die!"
Edmund hits you with a +1 flail of protection!
You die...

##..# ##.##.##
#####...####.........####...#.###
...........+.........+..........#
#####...####.........####...#.#.#
##..# ....... ##.#....# ##)#
..... #......# #####.#### ...
#......# #........# #@# #..#.#.#
#.###.##.# #@# #..###.# #.#
#.##.# #.# #......# #.# #.##.#
##.### ##.#####
#.###.##.####....########.#
#.........................#
#####.###(###.....#########
#.###.####..#.# #...........#.#
#####.##....#.#


You could see Edmund.

Vanquished Creatures
  A kobold brigand (D:4)
  Jessica (D:2)
  An iguana (D:4)
  An orc wizard (D:3)
  Robin (D:3)
  3 adders
  A worm (D:3)
  A dart slug (D:1)
  3 orcs (D:3)
  5 endoplasms
  2 giant cockroaches (D:2)
  10 goblins
  6 hobgoblins
  3 kobolds
  5 quokkas
  11 ball pythons
  4 bats
  5 frilled lizards
  7 rats
71 creatures vanquished.

Notes
Turn   | Place    | Note
-------+----------+-------------------------------------------
     0 | D:1      | qw the Gargoyle Fighter began the quest for the Orb.
     0 | D:1      | Reached XP level 1. HP: 14/14 MP: 1/1
     0 | D:1      | 0 ||| qw: Version: 0.2-a-29-gc1b59c4
     0 | D:1      | 0 ||| qw: Game counter: 4123
     0 | D:1      | 0 ||| qw: Always use a shield: true
     0 | D:1      | 0 ||| qw: God list: Okawaru
     0 | D:1      | 0 ||| qw: Allow faded altars: false
     0 | D:1      | 0 ||| qw: Do Orc after D:15 true
     0 | D:1      | 0 ||| qw: Do second Lair branch before Depths: true
     0 | D:1      | 0 ||| qw: Lair rune preference: random
     0 | D:1      | 0 ||| qw: Plans: Normal, Zot:1-4, Slime:5, God:TSO, Crypt,
                  | Tomb, Abyss, Pan, Hells, Win
     0 | D:1      | 0 ||| PLANNING D:1-11
    63 | D:1      | Reached skill level 2 in Axes
   128 | D:1      | Reached XP level 2. HP: 19/19 MP: 2/2
   183 | D:1      | 183 ||| Stepping ~*~*~tactically~*~*~ (stealth).
   184 | D:1      | 184 ||| Stepping ~*~*~tactically~*~*~ (stealth).
   421 | D:1      | 421 ||| Stepping ~*~*~tactically~*~*~ (hiding).
   423 | D:1      | 423 ||| Stepping ~*~*~tactically~*~*~ (hiding).
   685 | D:1      | 685 ||| Stepping ~*~*~tactically~*~*~ (hiding).
   695 | D:1      | Reached skill level 3 in Axes
   789 | D:1      | 789 ||| UPGRADING to +0 pair of boots.
   794 | D:1      | 794 ||| READING scroll labelled TUWATUPSOGG.
   795 | D:1      | 795 ||| READING scroll labelled YFUISCHUIGE.
   796 | D:1      | 796 ||| READING scroll labelled YDGHOR UNU REZI.
   797 | D:1      | 797 ||| READING scroll labelled FOUKKIYNUNT.
   851 | D:2      | Reached XP level 3. HP: 23/23 MP: 3/3
   956 | D:2      | 956 ||| Stepping ~*~*~tactically~*~*~ (stealth).
   957 | D:2      | 957 ||| Stepping ~*~*~tactically~*~*~ (stealth).
  1030 | D:2      | Noticed Jessica
  1035 | D:2      | 1035 ||| Stepping ~*~*~tactically~*~*~ (hiding).
  1036 | D:2      | 1036 ||| Stepping ~*~*~tactically~*~*~ (hiding).
  1041 | D:2      | Killed Jessica
  1220 | D:2      | 1220 ||| Stepping ~*~*~tactically~*~*~ (stealth).
  1221 | D:2      | 1221 ||| Stepping ~*~*~tactically~*~*~ (stealth).
  1223 | D:2      | 1223 ||| Stepping ~*~*~tactically~*~*~ (stealth).
  1224 | D:2      | 1224 ||| Stepping ~*~*~tactically~*~*~ (stealth).
  1248 | D:2      | Reached XP level 4. HP: 28/28 MP: 4/4
  1333 | D:2      | 1333 ||| Stepping ~*~*~tactically~*~*~ (hiding).
  1352 | D:2      | 1352 ||| Stepping ~*~*~tactically~*~*~ (stealth).
  1353 | D:2      | 1353 ||| Stepping ~*~*~tactically~*~*~ (stealth).
  1355 | D:2      | 1355 ||| Stepping ~*~*~tactically~*~*~ (hiding).
  1359 | D:2      | 1359 ||| Stepping ~*~*~tactically~*~*~ (hiding).
  1360 | D:2      | 1360 ||| Stepping ~*~*~tactically~*~*~ (hiding).
  1362 | D:2      | 1362 ||| Stepping ~*~*~tactically~*~*~ (hiding).
  1484 | D:2      | 1484 ||| UPGRADING to +0 chain mail.
  1494 | D:2      | 1494 ||| DROPPING +0 scale mail.
  1495 | D:2      | 1495 ||| UPGRADING to amulet of the acrobat.
  1500 | D:2      | 1500 ||| READING 2 scrolls labelled WIATAEHIRGH.
  1501 | D:2      | 1501 ||| READING scroll labelled DEBINTEZUUTU.
  1504 | D:2      | 1504 ||| READING 3 scrolls labelled CODOV VIONK.
  1505 | D:2      | 1505 ||| READING scroll labelled ACSOZO LAANN.
  1506 | D:2      | 1506 ||| DROPPING scroll of butterflies.
  1507 | D:2      | 1507 ||| DROPPING 2 scrolls of vulnerability.
  1547 | D:3      | 1547 ||| Stepping ~*~*~tactically~*~*~ (stealth).
  1563 | D:3      | Noticed Robin
  1566 | D:3      | Reached skill level 4 in Axes
  1579 | D:3      | Killed Robin
  1587 | D:3      | Reached XP level 5. HP: 26/32 MP: 5/5
  1949 | D:3      | 1949 ||| DROPPING +0 mace.
  1958 | D:3      | 1958 ||| DROPPING +0 hammer of protection.
  1959 | D:3      | Found a runed translucent door.
  1960 | D:3      | Noticed Crazy Yiuf
  2162 | D:3      | 2162 ||| UPGRADING to +0 helmet.
  2167 | D:3      | 2167 ||| UPGRADING to ring of positive energy.
  2168 | D:3      | 2168 ||| UPGRADING to ring of resist corrosion.
  2169 | D:3      | 2169 ||| READING scroll labelled QUXTYUG BOOTOPPE.
  2170 | D:3      | 2170 ||| DRINKING 2 orange potions.
  2171 | D:3      | 2171 ||| DROPPING potion of degeneration.
  2226 | D:4      | 2226 ||| PLANNING SEWER
  2234 | D:4      | Reached skill level 5 in Axes
  2497 | D:4      | Noticed a kobold brigand
  2507 | D:4      | Killed a kobold brigand
  2508 | D:4      | Reached XP level 6. HP: 39/39 MP: 6/6
  2545 | D:4      | Noticed Edmund
  2561 | D:4      | HP: 4/39 [Edmund/+1 flail of protection (8)]
  2562 | D:4      | 2562 ||| READING scroll of teleportation.
  2562 | D:4      | Slain by Edmund

Levels and vault maps discovered:
D:1:      nicolae_arrival_washed_ashore, layout_loops_cross,
          corexii_hall_statues_l
D:2:      minmay_door_path, layout_rooms, minmay_tiny_reverse_x, uniq_jessica
D:3:      layout_rooms, hangedman_glass_teeth, uniq_crazy_yiuf_cottage,
          uniq_robin
D:4:      layout_loops_corners, lemuel_coloured_pillars_altar,
          portal_sewer_entry_d, uniq_edmund

Skill      XL: |  1  2  3  4  5 |
---------------+----------------+-----
Axes           | 2 3 4 5 |  5.1
Fighting       | 4 |  4.4
Armour         | |  3.2
Shields        | |  3.2

Action                     |  1- 3 |  4- 6 || total
---------------------------+-------+-------++-------
  Melee: War axe           |    89 |   112 ||   201
  Throw: Boomerang         |       |     9 ||     9
    Use: Scroll            |     4 |     6 ||    10
         Potion            |       |     1 ||     1
 Armour: Scale mail        |    48 |     2 ||    50
         Chain mail        |       |    80 ||    80
  Dodge: Dodged            |    37 |    33 ||    70
  Block: Buckler           |     8 |    26 ||    34

Table legend:
 A = Non-vault XP
 B = Vault XP
 C = Vault XP percentage of total XP
 D = Non-vault monster count
 E = Vault monster count
 F = Vault count percentage of total count
                 A         B        C        D         E       F
            +---------+---------+-------+---------+---------+-------
      Total |     293 |      73 |  19.9 |      57 |      14 |  19.7
            +---------+---------+-------+---------+---------+-------
        D:1 |      32 |       0 |   0.0 |      20 |       0 |   0.0
        D:2 |      19 |      39 |  67.2 |      11 |       3 |  21.4
        D:3 |      95 |      34 |  26.4 |      20 |      11 |  35.5
        D:4 |     147 |       0 |   0.0 |       6 |       0 |   0.0
            +---------+---------+-------+---------+---------+-------
